 Dungeon Crawl Stone Soup version 0.28.0-47-ge53b351184 (webtiles) character file.

Game seed: 15359104293775812617

109 101zpm the Magician (level 5, 0/36 HPs)
             Began as a Djinni Ice Elementalist on Apr 26, 2022.
             Slain by an orc wizard
             ... wielding a +0 dagger
              (1 damage)
             ... on level 3 of the Dungeon.
             The game lasted 00:04:10 (3512 turns).

101zpm the Magician (Djinni Ice Elementalist)       Turns: 3512, Time: 00:04:11

Health: 0/36       AC:  2    Str:  7    XL:     5   Next: 13%
Gold:   72         EV: 12    Int: 18    God:
                   SH:  0    Dex: 14

rFire   + + .      SeeInvis .   (no weapon)
rCold   x . .      Faith    .   (no shield)
rNeg    . . .      Spirit   .   a - +0 robe
rPois   ∞          Reflect  .   (no helmet)
rElec   .          Harm     .   (no cloak)
rCorr   .          Rampage  .   (no gloves)
Will    .....                   (boots unavailable)
Stlth   +.........              (no amulet)
HPRegen 0.12/turn               (no ring)
MPRegen 0.00/turn               (no ring)

@: confused, flying
A: sickness immunity, fire resistance 2, cold vulnerability 1, float, innate
caster, HP casting, extra vitality 1
a: no special abilities


You were on level 3 of the Dungeon.
You visited 1 branch of the dungeon, and saw 3 of its levels.

You collected 72 gold pieces.

Inventory:

Armour
 a - a +0 robe (worn)
Jewellery
 c - a ring of see invisible
Scrolls
 b - a scroll of identify {unknown}
 d - 3 scrolls of teleportation {unknown}
 e - 2 scrolls of enchant weapon {unknown}
 g - a scroll of fog {unknown}
Potions
 f - a potion of curing {unknown}
 h - a potion of heal wounds {unknown}


   Skills:
 + Level 0.8 Fighting
 + Level 2.3 Dodging
 + Level 1.8 Stealth
 + Level 4.5 Spellcasting


You couldn't memorise any spells.
You knew the following spells:

 Your Spells              Type           Power      Damage    Failure   Level
a - Freeze                Ice            80%        1d9       2%          1
b - Frozen Ramparts       Ice            40%        1d6       6%          3
c - Ozocubu's Armour      Ice            20%        N/A       6%          3
d - Hailstorm             Conj/Ice       20%        3d6       22%         4
e - Pain                  Necr           80%        1d8       2%          1
f - Poisonous Vapours     Pois/Air       40%        N/A       3%          2
Your spell library was empty.

Dungeon Overview and Level Annotations

Branches:
Dungeon (3/15)

Altars:
Xom

Shops:
D:1 :


Innate Abilities, Weirdness & Mutations

You are immune to sickness and miasma.
You are immune to poison.
Your flesh is very heat resistant. (rF++)
You are vulnerable to cold. (rC-)
You float through the air rather than walking.
You learn spells naturally, not from books.
Your magical power is your life essence.
You have superior vitality. (+4 MHP)


Message History

Poisonous vapours surround the bat!
The bat is poisoned.
The bat closely misses you. Something hits you but does no damage.
Aiming: Freeze (safe; 2% risk of failure)
Press: ? - help, Q - select action, (/) - cycle Shift-Dir - straight line, f/p - bat
Aim: a bat (poisoned)
You freeze the bat.
The bat is heavily wounded.
The bat barely misses you. The bat completely misses you. Something hits you.
* * * LOW HITPOINT WARNING * * *
Casting: Freeze (safe; 2% risk of failure)
Confirm with . or Enter, or press ? or * to list all spells.
Aiming: Poisonous Vapours (safe; 3% risk of failure)
Press: ? - help, Dir - move target, p - bat Poisonous vapours surround something!
* * * LOW HITPOINT WARNING * * *
The bat hits you but does no damage. Something hits you.
* * * LOW HITPOINT WARNING * * *
You are too injured to fight recklessly!
Casting: Poisonous Vapours (safe; 3% risk of failure)
Confirm with . or Enter, or press ? or * to list all spells.
You can't see any susceptible monsters within range! (Use Z to cast anyway.)
You hit something but do no damage. The bat closely misses you.
Something hits you.
* * * LOW HITPOINT WARNING * * *
The bat hits you but does no damage.
You hear some strange, mumbled words.
You are confused.
You kill the bat!
Something hits you but does no damage.
Things that are here:
a +0 whip; a +0 ring mail You bump into the rock wall.
You hear some strange, mumbled words.
You are more confused.
You miss something. Something hits you.
* * * LOW HITPOINT WARNING * * *
Something hits you.
* * * LOW HITPOINT WARNING * * *
You closely miss something. Something hits you.
You die...

.........#.##.#
#.###########.#.#
#.#...........#.#
#.#.###########.# #.#.#
#.# #.#.# #.# #.#.# #.#
#.#.###########.#########
#.............@........
#############..{)......
#####..........
#......†.......
#.###..........
#.......... #..........
#.......... #..........


There were no monsters in sight!

Vanquished Creatures
  An orc priest (D:3)
  2 adders (D:2)
  An orc (D:3)
  4 bats
  3 endoplasms
  4 giant cockroaches
  6 hobgoblins
  7 jackals (D:1)
  6 ball pythons
  5 frilled lizards
  7 goblins
  4 kobolds
  12 rats
62 creatures vanquished.

Notes
Turn   | Place    | Note
-------+----------+-------------------------------------------
     0 | D:1      | 101zpm the Djinni Ice Elementalist began the quest for the
                  | Orb.
     0 | D:1      | Reached XP level 1. HP: 15/15 MP: 0/0
    76 | D:1      | Reached XP level 2. HP: 3/21 MP: 0/0
  1017 | D:1      | Reached XP level 3. HP: 24/25 MP: 0/0
  1017 | D:1      | Learned a level 1 spell: Pain
  1575 | D:1      | Reached skill level 4 in Spellcasting
  1797 | D:1      | Found Lofydgho's Book Emporium.
  2166 | D:2      | Found a shimmering altar of Xom.
  2576 | D:2      | Reached XP level 4. HP: 29/31 MP: 0/0
  3500 | D:3      | Reached XP level 5. HP: 16/36 MP: 0/0
  3500 | D:3      | Learned a level 2 spell: Poisonous Vapours
  3511 | D:3      | HP: 1/36 [something (4)]
  3512 | D:3      | Slain by an orc wizard

Illustrated notes

Levels and vault maps discovered:
D:1:      dpeg_arrival_signposts, layout_basic, serial_forest,
          infiniplex_forest_lined_3_way, infiniplex_forest_lined_room_2,
          infiniplex_forest_straight_4, infiniplex_forest_straight_1,
          infiniplex_forest_straight_2, infiniplex_forest_end_2,
          infiniplex_forest_lined_3, infiniplex_forest_lined_1,
          infiniplex_forest_clump_small, infiniplex_forest_clump_long,
          serial_shops, shop
D:2:      layout_loops_corners, basic_altar
D:3:      layout_basic, mainiacjoe_overflow_alcove_2,
          ebering_ecumenical_altar_box, gammafunk_ghost_split

Skill      XL: |  1  2  3 |
---------------+----------+-----
Spellcasting   | 4 |  4.5
Fighting       | |  0.8
Dodging        | |  2.3
Stealth        | |  1.8

Action                   |  1- 3 |  4- 6 || total
-------------------------+-------+-------++-------
Melee: Unarmed           |     4 |     3 ||     7
 Cast: Freeze            |    64 |    28 ||    92
       Poisonous Vapours |       |     2 ||     2
Armor: Robe              |    11 |     8 ||    19
Dodge: Dodged            |    33 |    20 ||    53
